 Dungeon Crawl Stone Soup version 0.31-a0-940-gdaa99269f9 (webtiles) character file.

Game seed: 16426915621916393995

19 protoss039 the Digger (level 2, -1/21 HPs)
             Began as a Demonspawn Earth Elementalist on Oct 20, 2023.
             Slain by a hobgoblin (3 damage)
             ... on level 1 of the Dungeon.
             The game lasted 00:00:48 (738 turns).

protoss039 the Digger (DsEE)                         Turns: 738, Time: 00:00:49

Health: -1/21      AC:  2    Str:  8    XL:     2   Next: 55%
Magic:  5/5        EV: 12    Int: 16    God:
Gold:   78         SH:  0    Dex: 13    Spells: 4/5 levels left

rFire   . . .        c - +0 dagger
rCold   . . .        (no shield)
rNeg    . . .        a - +0 robe
rPois   .            (no helmet)
rElec   .            (no cloak)
rCorr   .            (no gloves)
SInv    .            (no boots)
Will    .....        (no amulet)
Stlth   ++           (no ring)
HPRegen 0.23/turn    (no ring)
MPRegen 0.09/turn

%: no passive effects
@: no status effects
A: ignite blood 1
a: no special abilities


You were on level 1 of the Dungeon.
You visited 1 branch of the dungeon, and saw 1 of its levels.

You collected 78 gold pieces.

Inventory:

Hand Weapons
 c - a +0 dagger (weapon)
Armour
 a - a +0 robe (worn)
 f - a +0 leather armour
Scrolls
 d - a scroll of identify {unknown}
 e - a scroll of blinking {unknown}


   Skills:
 + Level 1.2 Fighting
 - Level 1.7 Dodging
 - Level 1.7 Stealth
 + Level 2.3 Spellcasting
 - Level 0.8 Transmutations
 + Level 3.0 Earth Magic


You had 4 spell levels left.
You knew the following spells:

 Your Spells              Type           Power      Damage    Failure   Level
a - Sandblast             Erth           22%        2d7       6%          1

Your spell library contained the following spells:

 Spells                   Type           Power      Damage    Failure   Level
 Passwall                 Tmut/Erth      6%         N/A       14%         2
 Stone Arrow              Conj/Erth      12%        3d7       32%         3
 Petrify                  Tmut/Erth      8%         N/A       65%         4
 Brom's Barrelling Bould  Conj/Erth      6%         2d3       71%         4


Dungeon Overview and Level Annotations

Branches:
Dungeon (1/15) Zot: 5249

Altars:


Innate Abilities, Weirdness & Mutations

Your demonic aura sometimes causes spilled blood to erupt in flames.


Message History

You hit the ball python but do no damage.
The ball python bites you. The ball python constricts you.
Unknown command.
You barely miss the ball python. The ball python bites you.
The ball python constricts you.
Unknown command.
You are too injured to fight recklessly!
Unknown command.
You escape the ball python's grasp.
You barely miss the ball python. The ball python bites you.
The ball python grabs you. The ball python constricts you.
You closely miss the ball python. The ball python closely misses you.
The ball python constricts you.
You hit the ball python.
The ball python is moderately wounded.
The ball python bites you. The ball python constricts you.
The ball python closely misses you. The ball python constricts you.
* * * LOW HITPOINT WARNING * * *
Casting: Sandblast (safe; 6% risk of failure)
Confirm with . or Enter, or press ? or * to list all spells.
Aiming: Sandblast (safe; 6% risk of failure)
Press: ? - help, Shift-Dir - straight line, f - ball python
Aim: a ball python (moderately wounded, constricting you, 80% to hit)
The blast of sand hits the ball python.
You kill the ball python!
The hobgoblin hits you.
* * * LOW HITPOINT WARNING * * *
Okay, then.
Casting: Sandblast (safe; 6% risk of failure)
Confirm with . or Enter, or press ? or * to list all spells.
Aiming: Sandblast (safe; 6% risk of failure)
Press: ? - help, Shift-Dir - straight line, f - hobgoblin
Aim: a hobgoblin (82% to hit)
The blast of sand hits the hobgoblin.
The hobgoblin is moderately wounded.
The hobgoblin hits you.
* * * LOW HITPOINT WARNING * * *
Unknown command.
Magic courses through your body. The hobgoblin hits you.
You die...

.####....#######.#
.# #.#### #.# .#
##.# #.# .###..#
#.# .....## #.#
..#### #.# .#####
#.# ....... #.#
####### # #@# # #.
#g# ####.#####.#
...........#
#........#
#........#
#........#
#........#
#........#


You could see a hobgoblin.

Vanquished Creatures
  A bat (D:1)
  2 endoplasms (D:1)
  A giant cockroach (D:1)
  4 goblins (D:1)
  3 quokkas (D:1)
  2 ball pythons (D:1)
  A frilled lizard (D:1)
  A kobold (D:1)
  A rat (D:1)
16 creatures vanquished.

Notes
Turn   | Place    | Note
-------+----------+-------------------------------------------
     0 | D:1      | protoss039 the Demonspawn Earth Elementalist began the
                  | quest for the Orb.
     0 | D:1      | Reached XP level 1. HP: 13/13 MP: 3/3
   364 | D:1      | Gained mutation: Your demonic aura sometimes causes spilled
                  | blood to erupt in flames. [demonic ancestry]
   364 | D:1      | Reached XP level 2. HP: 20/20 MP: 1/5
   585 | D:1      | Reached skill level 1 in Fighting
   714 | D:1      | Reached skill level 3 in Earth Magic
   737 | D:1      | HP: 1/21 [hobgoblin (3)]
   738 | D:1      | Slain by a hobgoblin

Illustrated notes

Levels and vault maps discovered:
D:1:      nzn_arrival_depleted_hourglass, layout_basic

Skill      XL: |  1  2 |
---------------+-------+-----
Fighting       | 1 |  1.2
Earth Magic    | 3 |  3.0
Dodging        | |  1.7
Stealth        | |  1.7
Spellcasting   | |  2.3
Transmutations | |  0.8

Action                     || total
---------------------------++-------
  Melee: Dagger            ||     8
   Cast: Sandblast         ||    24
    Use: Potion            ||     1
 Armour: Robe              ||    12
  Dodge: Dodged            ||     9

Table legend: (Time is in decaauts)
 A = Elapsed time spent in this place.
 B = Non-inter-level travel time spent in this place.
 C = Inter-level travel time spent in this place.
 D = Time resting spent in this place.
 E = Time spent auto-exploring this place.
 F = Levels seen in this place.
 G = Mean time per level.
                   A        B        C        D        E       F      G
               +--------+--------+--------+--------+--------+-----+--------+
         Total |    749 |    737 |     12 |      0 |    619 |   1 |  749.0 |
       Dungeon |    749 |    737 |     12 |      0 |    619 |   1 |  749.0 |
               +--------+--------+--------+--------+--------+-----+--------+

Top non-repeatable levels by time:
     D:1: 749 daAuts
